 Dungeon Crawl Stone Soup version 0.24.0-123-gd5b16e6ec5 (webtiles) character file.

Game seed: 13304716146156034239, levelgen mode: deterministic

440449 MisterOstroum the Warrior (level 23, -8/271 HPs)
             Began as a Demonspawn Fighter on Dec 16, 2019.
             Was the Champion of Cheibriados.
             Shot with a bolt by a yaktaur (19 damage)
             ... led by a yaktaur captain
             ... on level 5 of the Depths on Dec 27, 2019.
             The game lasted 04:59:53 (52900 turns).

MisterOstroum the Warrior (Demonspawn Fighter)     Turns: 52900, Time: 04:59:54

Health: -8/271     AC: 16    Str: 59    XL:     23   Next: 1%
Magic:  24/38      EV: 18    Int: 27    God:    Cheibriados [******]
Gold:   4686       SH:  0    Dex: 30    Spells: 12/44 levels left

rFire    + + .     SeeInvis .     - Unarmed
rCold    x . .     Gourm    .   (shield currently unavailable)
rNeg     + . .     Faith    .   (armour currently unavailable)
rPois    +         Spirit   .   (helmet currently unavailable)
rElec    .         Reflect  .   (cloak currently unavailable)
rCorr    .         Harm     .   (gloves unavailable)
MR       +....                  (boots currently unavailable)
Stlth    ++........             y - amulet of the acrobat
HPRegen  1.95/turn              x - ring of Ijetink {EV+2 Str+5}
MPRegen  0.26/turn              X - +5 ring of strength

@: dragon-form, flying, regenerating (expiring), lightly drained, very slow
A: giant, clever 1, demonic guardian 2, negative energy resistance 1,
regeneration 1, 50% torment resistance
}: 2/15 runes: decaying, serpentine
a: End Transformation, Bend Time, Temporal Distortion, Slouch, Step From Time,
Renounce Religion, Breathe Fire


You were on level 5 of the Depths.
You worshipped Cheibriados.
Cheibriados was exalted by your worship.
You were very hungry.
You were a fearsome dragon!
You visited 7 branches of the dungeon, and saw 39 of its levels.
You also visited: Ossuary, Gauntlet and Wizlab.

You collected 5132 gold pieces.
You spent 446 gold pieces at shops.

Inventory:

Hand Weapons
 a - a +7 fustibalus of flaming (melded)
Missiles
 k - 76 sling bullets
 r - 140 stones (quivered)
 J - 5 throwing nets {!f}
Armour
 l - a +2 shield (melded)
 n - a +2 cloak of invisibility (melded)
 F - a +1 robe of the Archmagi (melded)
 G - a +2 pair of boots of flying (melded)
 K - a +0 hat (melded)
Magical Staves
 c - an uncursed staff of earth
Jewellery
 h - an uncursed ring of see invisible
 x - the ring of Ijetink (left foreclaw) {EV+2 Str+5}
   (You found it on level 2 of the Snake Pit)

   [ring of evasion]

   It affects your evasion (+2).
   It affects your strength (+5).
 y - an amulet of the acrobat (around neck)
 B - an uncursed ring of wizardry
 C - an uncursed ring of protection from cold
 D - an uncursed ring of fire
 X - a +5 ring of strength (right foreclaw)
 Y - an uncursed ring of poison resistance
Wands
 f - a wand of enslavement (29)
 i - a wand of digging (12)
 j - a wand of iceblast (30)
 t - a wand of paralysis (20)
 H - a wand of clouds (6)
 M - a wand of acid (44)
 R - a wand of polymorph (9)
 Z - a wand of scattershot (2)
Scrolls
 g - 10 scrolls of remove curse {@r2}
 m - 13 scrolls of identify {@r1}
 o - a scroll of immolation
 u - 3 scrolls of summoning
 w - 10 scrolls of blinking {@r4}
 z - 3 scrolls of fear {!r}
 S - 2 scrolls of teleportation {@r3 !r}
 T - a scroll of fog {!r}
 W - a scroll of silence
Potions
 b - a potion of mutation
 d - 7 potions of might {@q3 !q}
 p - 5 potions of heal wounds {@q2 !q}
 q - a potion of resistance
 s - 13 potions of curing {@q1 !q}
 v - a potion of magic
 A - 3 potions of invisibility
 E - 4 potions of brilliance
 I - 5 potions of lignification {@q6}
 N - 2 potions of agility {@q5 !q}
Miscellaneous
 P - a box of beasts
 U - a lamp of fire
 V - a lightning rod (4/4)
Comestibles
 e - 71 rations


   Skills:
 - Level 15.0(14.9) Fighting
   Level 8.0(7.9) Maces & Flails
   Level 3.3 Polearms
 - Level 7.7 Slings
 - Level 8.0 Armour
 * Level 12.0 Dodging
 - Level 15.0(14.9) Shields
 - Level 13.0 Unarmed Combat
 - Level 11.0(10.9) Spellcasting
 - Level 4.0 Conjurations
 - Level 4.6(4.5) Charms
 + Level 7.9 Necromancy
 - Level 0.7 Translocations
 * Level 14.3(14.2) Transmutations
 - Level 12.0(11.9) Earth Magic
 + Level 14.4 Invocations
 - Level 8.0 Evocations


You had 12 spell levels left.
You knew the following spells:

 Your Spells              Type           Power        Failure   Level  Hunger
d - Irradiate             Conj/Tmut      ######....   2%          5    ###....
B - Blink                 Tloc           N/A          4%          2    None
D - Dragon Form           Tmut           #######...   10%         7    ######.
H - Regeneration          Chrm/Necr      #####.....   1%          3    None
J - Portal Projectile     Hex/Tloc       ###...       10%         3    None
M - Deflect Missiles      Chrm/Air       ####......   93%         6    #####..
P - Statue Form           Tmut/Erth      ######...    2%          6    #####..

Your spell library contained the following spells:

 Spells                   Type           Power        Failure   Level  Hunger
 Animate Skeleton         Necr           N/A          1%          1    None
 Flame Tongue             Conj/Fire      ####.        1%          1    None
 Magic Dart               Conj           ####         1%          1    None
 Pain                     Necr           ####         1%          1    None
 Sting                    Conj/Pois      ####         1%          1    None
 Passwall                 Tmut/Erth      ######..     1%          2    None
 Sublimation of Blood     Necr           ######....   1%          2    None
 Ignite Poison            Fire/Tmut/Pois #####...     1%          3    None
 Vampiric Draining        Necr           ######....   1%          3    None
 Animate Dead             Necr           N/A          1%          4    None
 Petrify                  Tmut/Erth      ######..     1%          4    None
 Lee's Rapid Deconstruct  Erth           ######....   1%          5    ###....
 Hydra Form               Tmut           #######...   1%          6    #####..
 Throw Flame              Conj/Fire      ####..       2%          2    None
 Leda's Liquefaction      Hex/Erth       #####.....   3%          4    None
 Corona                   Hex            ##.....      4%          1    None
 Conjure Flame            Conj/Fire      ####....     4%          3    None
 Spectral Weapon          Hex/Chrm       ####....     4%          3    None
 Static Discharge         Conj/Air       ####....     4%          3    None
 Call Imp                 Summ           ##......     6%          2    None
 Poisonous Vapours        Pois/Air       ##....       6%          2    None
 Slow                     Hex            ##......     6%          2    None
 Alistair's Intoxication  Tmut/Pois      ######..     6%          5    ###....
 Mephitic Cloud           Conj/Pois/Air  ###.....     7%          3    None
 Recall                   Summ/Tloc      N/A          10%         3    None
 Inner Flame              Hex/Fire       ##......     12%         3    None
 Summon Guardian Golem    Hex/Summ       ##......     12%         3    None
 Bolt of Magma            Conj/Fire/Erth #####.....   12%         5    ###....
 Force Lance              Conj/Tloc      ####....     14%         4    None
 Fulminant Prism          Conj/Hex       ####......   17%         4    None
 Sticky Flame             Conj/Fire      ####....     17%         4    None
 Iskenderun's Battlesphe  Conj/Chrm      #####...     19%         5    ###....
 Iron Shot                Conj/Erth      ######....   22%         6    #####..
 Cause Fear               Hex            ##........   36%         4    None
 Olgreb's Toxic Radiance  Pois           ##......     36%         4    None
 Fireball                 Conj/Fire      ####......   43%         5    ###....
 Venom Bolt               Conj/Pois      ####......   43%         5    ###....
 Summon Forest            Summ/Tloc      ###.......   67%         5    ###....
 Metabolic Englaciation   Hex/Ice        ##........   73%         5    ###....
 Orb of Destruction       Conj           #####.....   99%         7    ######.
 Ring of Flames           Chrm/Fire      ####......   100%        7    ######.
 Spellforged Servitor     Conj/Summ      ####......   100%        7    ######.
 Controlled Blink         Tloc           N/A          100%        8    #######
 Shatter                  Erth           ######....   100%        9    #######


Dungeon Overview and Level Annotations

Branches:
Dungeon (15/15)            Temple (0/1) D:6            Lair (6/6) D:10
  Swamp (4/4) Lair:2        Snake (4/4) Lair:2        Slime (0/5) Lair:6
    Orc (2/2) D:12            Elf (0/3) Orc:2        Vaults (3/5) D:14
 Depths (5/5) D:15        Ossuary (visited)          WizLab (visited)
Gauntlet (visited)
  Crypt: Vaults:2-3     Zot: Depths:5

Altars:
Cheibriados
Elyvilon
Makhleb
Qazlal
Sif Muna
Trog
Vehumet
Yredelemnul
Jiyva

Shops:
D:8 [   Orc:2 *[((

Portals:
Hell: Depths:1 Depths:2 Depths:3 Depths:4
Abyss: Depths:4
Pandemonium: Depths:3 Depths:4
Ziggurat: Depths:3

Annotations:
D:8 2 transporters
D:13 3 runed translucent doors, havocjr3's ghost, journeyman GnFi
Swamp:1 Nikola
Snake:2 3 runed translucent doors, kalagan's ghost, adept GrEE
Vaults:1 2 runed translucent doors, Goreval's ghost, adept MfSu
Vaults:2 !items near bazar
Vaults:3 Mennas
Depths:1 2 runed translucent doors, exclusion: 2 doors, Epamese's ghost, veteran FoFi
Depths:2 exclusion: downstairs
Depths:3 1 exclusion


Innate Abilities, Weirdness & Mutations

((You have claws for hands.))
((You are completely covered in thin metallic scales. (AC +4, rElec)))
A demonic guardian rushes to your aid.
You resist negative energy. (rN+)
((You are completely covered in sharp spines.))
You are somewhat able to resist unholy torments (1 in 2 success).
((You have a pair of small horns on your head.))
Your mind is acute. (Int +2)
Your natural rate of healing is unusually fast.


Message History

You are too injured to fight recklessly!
You are too injured to fight recklessly!
You maul the deep troll earth mage!!!
You kill the deep troll earth mage!
Cheibriados appreciates the change of pace.
Your base Dodging skill increases to level 12!
You hear a shout!
The red draconian completely misses you.
You maul the red draconian!!!
You tail-slap the red draconian!
The red draconian is almost dead.
The red draconian breathes flames at you.
The searing blast hits you. You resist.
A hell knight comes into view.
It is wielding a +4 great sword of flaming.
You completely miss the red draconian. You bite the red draconian!
The red draconian is almost dead.
You are engulfed in blazing flames.
You resist.
The vampire knight blinks!
The shadow dragon misses you. The shadow dragon claws you!
The shadow dragon claws you but does no damage.
You hit the red draconian.
You kill the red draconian!
Cheibriados appreciates the change of pace.
You have reached level 23!
Your demonic ancestry asserts itself...
You feel a strange anaesthesia.
You are engulfed in blazing flames.
You resist.
You completely miss the shadow dragon.
You tail-slap the shadow dragon, but do no damage.
You claw the shadow dragon!!
The shadow dragon is lightly wounded.
You are engulfed in blazing flames.
You resist.
The shadow dragon breathes negative energy at you.
The bolt of negative energy misses you.
You bite the shadow dragon!! You tail-slap the shadow dragon!
You claw the shadow dragon, but do no damage.
The shadow dragon is heavily wounded.
You are engulfed in blazing flames.
You resist.
The shadow dragon bites you but does no damage.
The shadow dragon claws you but does no damage.
The shadow dragon misses you.
You maul the shadow dragon!!!!
You kill the shadow dragon!
Cheibriados thoroughly appreciates the change of pace.
You are engulfed in blazing flames.
You resist.
You hear a shout! x3
The vampire knight gestures at you while chanting.
You suddenly lose the ability to move!
You are engulfed in blazing flames.
You resist.
The vampire knight hits you but does no damage.
The vampire knight bites you.
The vampire knight draws strength from your injuries!
You are engulfed in blazing flames.
You resist.
The vampire knight hits you with a +0 great mace.
The vampire knight bites you!
The vampire knight draws strength from your injuries!
You are engulfed in blazing flames.
You resist.
The vampire knight hits you with a +0 great mace!
The vampire knight bites you.
The vampire knight draws strength from your injuries!
The vampire knight hits you with a +0 great mace!
The vampire knight bites you.
The vampire knight draws strength from your injuries!
The hell knight hits you with a +4 great sword of flaming.
* * * LOW HITPOINT WARNING * * *
A deep troll comes into view.
The vampire knight hits you with a +0 great mace!
* * * LOW HITPOINT WARNING * * *
The vampire knight bites you.
* * * LOW HITPOINT WARNING * * *
The vampire knight draws strength from your injuries!
The hell knight hits you but does no damage.
The vampire knight hits you with a +0 great mace!!
* * * LOW HITPOINT WARNING * * *
The vampire knight bites you.
* * * LOW HITPOINT WARNING * * *
The vampire knight draws strength from your injuries!
The vampire knight points at you and mumbles some strange words.
You shrug off the repeated paralysis!
Your skin is crawling a little less now.
The hell knight hits you with a +4 great sword of flaming!
* * * LOW HITPOINT WARNING * * *
The vampire knight hits you with a +0 great mace!!
* * * LOW HITPOINT WARNING * * *
The vampire knight bites you.
* * * LOW HITPOINT WARNING * * *
You can move again.
Unknown command.
Unknown command.
Okay, then.
Unknown command.
You step out of the flow of time.
You return to the normal time flow.
You feel somewhat more hungry.
An ice dragon, 3 yaktaurs and a green draconian come into view.
The green draconian roars!
The yaktaur shouts! x3; You hear a roar!
A yaktaur captain comes into view.
The green draconian breathes poison at you.
The yaktaur wields a +0 arbalest.
The yaktaur shoots a bolt.
The bolt hits you.
* * * LOW HITPOINT WARNING * * *
The yaktaur wields a +0 arbalest.
The yaktaur shoots a bolt.
The bolt hits you!!
You die...

,* *,,,,+,,##.....#.,***,***,*,
,* ***,,***,.#.......*..**+***,**
,###,,#+*,,,,'.....###.#*,,,**,**
,+.##,#.,#+###...((((..,+,∩,+,,,,
,#..###.,#....$.(....#,**,,,**,**
*#...#..##..........#*,***+***,*,
##..##.............#*,***,***,*,
#...##.#....c.)§#####.,,,,,,**,
#(..(..##+###'D§☼☼§...**,****,,
**#............)'☼☼§☼§☼d,*,*,,*,,
#.......#c###...#☼§.☼...**,*,,*,,
...(....#..##.<.####.###*,,,,,+,*
#####..###..#..c..#,,..****,,,***
*#..##,*#..#c...#,,,.#,,***,,,*
*#..##,,.##....###*,,,#,,,,*+***
**..#*,,#.,##..##,,***+*,,,,*,,*,
,,,**,,#.*,,##..,,,,,*,,,,,,*,,**


You could see a green draconian, a yaktaur captain (wandering) and 3 yaktaurs.

Vanquished Creatures
  An ancient lich (Depths:4)
  A juggernaut (Depths:2)
  Vashnia (Snake:3)
  Bai Suzhen (Vaults:3)
  Saint Roka (Depths:4)
  2 golden dragons
  A bone dragon (Depths:5)
  A tentacled monstrosity (Vaults:2)
  5 liches
  An Executioner (WizLab)
  A sphinx (Vaults:3)
  Agnes (Snake:3)
  Kirke (D:13)
  Donald (Swamp:4)
  9 nagarajas
  A storm dragon (Depths:2)
  4 shadow dragons
  Gastronok (Lair:3)
  A tengu reaver (Depths:3)
  6 fire giants
  7 frost giants
  4 iron dragons
  Aizul (Snake:1)
  4 vault wardens
  A juggernaut zombie (Depths:3)
  2 balrugs (WizLab)
  A deep elf sorcerer (Depths:4)
  A cacodemon (WizLab)
  3 spriggan defenders (Depths:3)
  A reaper (WizLab)
  28 very ugly things
  7 ironheart preservers
  15 stone giants
  A minotaur (Gauntlet)
  4 vampire knights
  A red draconian (Depths:5)
  7 ettins
  3 spark wasps (Depths:3)
  Snorg (Lair:5)
  Josephine (Lair:5)
  9 yaktaur captains
  11 fire dragons
  Harold (D:11)
  7 great orbs of eyes
  Erolcha (D:12)
  2 rakshasas
  15 naga warriors
  22 hydras
  3 ghost crabs
  4 catoblepae
  12 ice dragons
  4 vault guards (D:14)
  10 anacondas
  18 centaur warriors
  7 tengu warriors
  25 two-headed ogres
  6 shambling mangroves
  8 deep troll shamans
  A death knight (Vaults:3)
  4 dancing weapons (Depths:3)
  10 alligators
  4 vampire magi
  15 ogre magi
  15 naga sharpshooters
  2 shock serpents (Snake:3)
  3 spriggan berserkers
  13 deep troll earth magi
  Urug (Orc:1)
  2 deep elf knights (Vaults:1)
  2 soul eaters (Depths:3)
  A fire crab (shapeshifter) (Vaults:3)
  Sonja (Lair:4)
  22 hell knights
  3 salamander mystics
  3 shadow wraiths
  2 sea snakes (Snake:3)
  8 skeletal warriors
  2 flayed ghosts
  4 spriggan druids
  6 iron trolls
  A spark wasp zombie (Depths:2)
  6 glowing orange brains
  2 shadow demons
  A storm dragon skeleton (Depths:3)
  5 unseen horrors
  12 naga ritualists
  10 wizards
  2 deep elf archers
  2 infernal demonspawn (Depths:4)
  12 swamp dragons
  26 deep trolls
  A sphinx zombie (Depths:2)
  A harpy (Vaults:3)
  3 phantasmal warriors
  9 necromancers
  4 ironbrand convokers
  2 orc sorcerers
  2 orb spiders (shapeshifter) (Vaults:1)
  6 deep elf magi
  50 ugly things
  13 mana vipers
  10 cyclopes
  A cyclops (shapeshifter) (Depths:4)
  8 orc knights
  3 wolf spiders
  11 salamanders
  A moth of wrath (shapeshifter) (Depths:1)
  A shadow dragon skeleton (Depths:3)
  4 manticores
  A moth of wrath (Gauntlet)
  33 black mambas
  A stone giant skeleton (Depths:1)
  3 guardian serpents
  A smoke demon (Depths:1)
  9 elephants (Lair:6)
  A frost giant skeleton (Depths:2)
  3 centaur skeletons
  23 naga magi
  10 vault sentinels
  2 molten gargoyles (Gauntlet)
  An elf skeleton (Depths:3)
  4 orange demons
  5 spectral swamp worms (Depths:4)
  17 spiny frogs
  2 efreet
  A hellion (Depths:4)
  4 gargoyles
  A minotaur zombie (Gauntlet)
  3 rime drakes
  9 komodo dragons
  20 yaktaurs
  6 kobold demonologists
  3 ice devils
  3 hellwings (Depths:1)
  6 freezing wraiths
  2 tormentors (WizLab)
  3 meliai (D:15)
  12 trolls
  4 red devils (Depths:1)
  23 hornets
  2 queen bees
  4 tengu conjurers
  11 polar bears
  11 tyrant leeches
  2 wind drakes (shapeshifter)
  A blink frog (shapeshifter) (Vaults:1)
  6 hippogriffs
  A raiju (shapeshifter) (D:15)
  26 blink frogs
  4 bog bodies
  4 dream sheep (Lair:5)
  A meliai zombie (D:12)
  A stone giant simulacrum (Depths:2)
  43 slime creatures
  7 shadows
  A redback (shapeshifter) (Depths:4)
  5 spriggans
  A deep troll skeleton (Depths:1)
  7 wraiths
  5 ynoxinuls (WizLab)
  A tarantella (shapeshifter) (Vaults:2)
  49 yaks
  A yak (shapeshifter) (Vaults:1)
  2 fire bats (Depths:1)
  An ettin skeleton (Depths:1)
  A vampire (D:13)
  3 wyverns
  3 hogs
  A human (D:7)
  6 basilisks
  6 hungry ghosts
  A steam dragon (Lair:6)
  4 neqoxecs (WizLab)
  14 vampire mosquitoes
  Menkaure (D:5)
  38 nagas
  A soldier ant (D:12)
  8 acid dragons
  8 insubstantial wisps
  8 wargs
  A warg (shapeshifter) (Vaults:2)
  15 swamp worms
  Edmund (D:5)
  14 porcupines
  22 hell hounds
  12 water moccasins
  A porcupine (shapeshifter) (Vaults:1)
  4 sky beasts
  15 swamp drakes
  14 black bears
  10 ice beasts
  30 orc warriors
  3 phantoms
  47 ogres
  8 boggarts
  20 wolves
  15 centaurs
  15 crocodiles
  An elf zombie (D:7)
  5 big kobolds
  21 bullfrogs
  2 wyvern skeletons (D:13)
  6 scorpions
  5 jellies
  31 killer bees
  10 wights
  5 howler monkeys
  8 crimson imps
  6 quasits
  12 hounds
  2 bullfrog zombies
  11 orc priests
  5 iron imps
  21 orc wizards
  Jessica (D:2)
  5 bullfrog skeletons
  Natasha (twice) (D:3)
  Terence (D:2)
  3 human skeletons
  7 iguanas
  10 worker ants
  6 hell rats (Lair:3)
  2 big kobold zombies (Ossuary)
  A hound zombie (D:7)
  2 hound skeletons
  7 mummies (Ossuary)
  A worker ant zombie (D:10)
  5 gnolls
  A howler monkey skeleton (D:6)
  10 adders
  6 shadow imps
  2 white imps
  2 worms (D:2)
  6 dart slugs
  5 leopard geckos
  71 orcs
  7 bats
  6 giant cockroaches
  4 goblins
  6 hobgoblins
  8 jackals
  16 kobolds
  7 quokkas
  A frilled lizard (D:2)
  A gnoll zombie (Ossuary)
  2 hobgoblin zombies (Ossuary)
  A kobold zombie (Ossuary)
  A leopard gecko skeleton (D:6)
  An orc skeleton (D:7)
  4 orc zombies
  2 quokka skeletons
  6 rats
  A fungus (Lair:4)
  A plant (Lair:6)
1777 creatures vanquished.

Vanquished Creatures (collateral kills)
  A sphinx (Vaults:2)
  A storm dragon (Vaults:3)
  A nagaraja (Snake:2)
  2 very ugly things (Depths:4)
  An ogre mage (Depths:4)
  2 ice dragons (Depths:3)
  An anaconda (Snake:3)
  A death knight (Vaults:2)
  A hydra (Lair:2)
  2 centaur warriors
  5 two-headed ogres
  A naga sharpshooter (Snake:4)
  A salamander mystic (Snake:4)
  3 hell knights
  2 deep trolls (Depths:4)
  A deep elf mage (Vaults:2)
  2 ugly things
  A black mamba (Snake:1)
  A naga mage (Snake:4)
  A centaur skeleton (D:12)
  A komodo dragon (D:12)
  A troll (D:10)
  A slime creature (Depths:3)
  2 blink frogs (Lair:4)
  A spriggan (Swamp:4)
  A hog (D:7)
  3 yaks
  A vampire mosquito (Swamp:2)
  A naga (Snake:3)
  An orc warrior (D:12)
  An ogre (Orc:1)
  A wolf (Gauntlet)
  A big kobold (D:15)
  A howler monkey (D:5)
  A crimson imp (D:14)
  A hound (D:5)
  2 orc wizards
  An orc priest (D:6)
  Natasha (D:3)
  A worker ant (D:12)
  A mummy (Ossuary)
  2 gnolls
  3 orcs
  A goblin (D:2)
  4 kobolds
66 creatures vanquished.

Vanquished Creatures (others)
  A hydra (Swamp:1)
  A swamp worm (Swamp:1)
  A bullfrog skeleton (D:12)
  19 fungi
  33 plants
55 creatures vanquished.

Grand Total: 1898 creatures vanquished

Notes
Turn   | Place    | Note
-------+----------+-------------------------------------------
     0 | D:1      | MisterOstroum the Demonspawn Fighter began the quest for
                  | the Orb.
     0 | D:1      | Reached XP level 1. HP: 18/18 MP: 1/1
    28 | D:1      | Gained mutation: A weak demonic guardian rushes to your
                  | aid. [demonic ancestry]
    28 | D:1      | Reached XP level 2. HP: 24/24 MP: 2/2
   486 | D:1      | Reached XP level 3. HP: 29/29 MP: 3/3
  1165 | D:2      | Noticed Jessica
  1171 | D:2      | Killed Jessica
  1175 | D:2      | Gained mutation: You have sharp fingernails. [demonic
                  | ancestry]
  1175 | D:2      | Reached XP level 4. HP: 36/37 MP: 4/4
  1811 | D:2      | Noticed Terence
  1825 | D:2      | Killed Terence
  1969 | D:3      | Found a snail-covered altar of Cheibriados.
  1971 | D:3      | Became a worshipper of Cheibriados the Contemplative
  2063 | D:3      | Reached skill level 1 in Unarmed Combat
  2070 | D:3      | Noticed Natasha
  2077 | D:3      | Killed Natasha
  2115 | D:3      | Gained mutation: You are partially covered in sharp spines.
                  | [demonic ancestry]
  2115 | D:3      | Reached XP level 5. HP: 24/42 MP: 5/5
  2447 | D:3      | Noticed Natasha
  2454 | D:3      | Killed Natasha
  2454 | D:3      | Reached skill level 1 in Maces & Flails
  2869 | D:3      | Found a snail-covered altar of Cheibriados.
  2912 | D:3      | Noticed Natasha
  2917 | D:3      | Killed Natasha
  3059 | D:4      | Noticed an ogre
  3065 | D:4      | Killed an ogre
  3065 | D:4      | Gained mutation: You have very sharp fingernails. [demonic
                  | ancestry]
  3065 | D:4      | Reached XP level 6. HP: 32/49 MP: 6/6
  3855 | D:4      | Reached * piety under Cheibriados
  4286 | D:5      | Entered Level 5 of the Dungeon
  4451 | D:5      | Reached skill level 5 in Fighting
  4565 | D:5      | Reached XP level 7. HP: 55/56 MP: 7/7
  4780 | D:5      | Noticed Edmund
  4789 | D:5      | Killed Edmund
  4811 | D:5      | Noticed Menkaure
  4824 | D:5      | Killed Menkaure
  5142 | D:5      | Reached ** piety under Cheibriados
  5182 | D:5      | Reached skill level 5 in Maces & Flails
  5587 | D:6      | Gained mutation: You are partially covered in thin metallic
                  | scales. (AC +2) [demonic ancestry]
  5587 | D:6      | Reached XP level 8. HP: 63/64 MP: 8/8
  6164 | D:6      | Found a staircase to the Ecumenical Temple.
  6691 | D:7      | Reached *** piety under Cheibriados
  6701 | D:7      | Got an ancient flail
  6729 | D:7      | Reached skill level 1 in Invocations
  6762 | D:7      | Found a sand-covered staircase.
  6767 | Ossuary  | Entered an ossuary
  6782 | Ossuary  | Identified the +8 flail of Evolution {crush, *Drain rElec
                  | rC+ Str+6} (You found it on level 7 of the Dungeon)
  6856 | Ossuary  | Gained mutation: You resist negative energy. (rN+) [demonic
                  | ancestry]
  6856 | Ossuary  | Reached XP level 9. HP: 75/75 MP: 10/10
  7048 | D:7      | Found a basalt altar of Yredelemnul.
  7133 | D:7      | You fall into a shaft and drop 3 floors!
  7133 | D:10     | Entered Level 10 of the Dungeon
  7161 | D:10     | Reached **** piety under Cheibriados
  7175 | D:10     | Noticed a troll
  7189 | D:10     | Noticed a cyclops
  7193 | D:10     | Killed a troll
  7195 | D:10     | Reached skill level 5 in Invocations
  7202 | D:10     | Killed a cyclops
  7321 | D:10     | Reached skill level 5 in Shields
  7396 | D:9      | Reached skill level 5 in Armour
  7459 | D:8      | Noticed a two-headed ogre
  7596 | D:9      | Reached XP level 10. HP: 83/83 MP: 13/13
  7652 | D:8      | Reached ***** piety under Cheibriados
  7680 | D:8      | Got a warped hunting sling
  7696 | D:8      | Found a transporter.
  7728 | D:7      | You fall into a shaft and drop 2 floors!
  8143 | D:8      | Found Jegumiol's Antique Armour Boutique.
  8216 | D:8      | Noticed a two-headed ogre
  8228 | D:8      | Killed a two-headed ogre
  8228 | D:8      | Reached skill level 10 in Fighting
  8501 | D:8      | Killed a two-headed ogre
  8760 | D:8      | Found a transporter.
  9029 | D:9      | Found a burning altar of Makhleb.
  9029 | D:9      | Noticed a blizzard demon
  9138 | D:10     | Found a staircase to the Lair.
  9165 | D:10     | Gained mutation: You are mostly covered in thin metallic
                  | scales. (AC +3) [demonic ancestry]
  9165 | D:10     | Reached XP level 11. HP: 83/90 MP: 17/17
  9908 | D:11     | Noticed a two-headed ogre
  9927 | D:11     | Killed a two-headed ogre
  9967 | Lair:1   | Entered Level 1 of the Lair of Beasts
  9967 | Lair:1   | Noticed a six-headed hydra
 10030 | D:11     | Noticed a white ugly thing
 10037 | D:11     | Killed a white ugly thing
 10103 | D:11     | Noticed a green ugly thing
 10105 | D:11     | Identified the +7 hunting sling of Peace {flame, *Drain rN+
                  | MP+9 Int+3} (You found it on level 8 of the Dungeon)
 10116 | D:11     | Killed a green ugly thing
 10116 | D:11     | Reached skill level 1 in Evocations
 10184 | D:11     | Reached ****** piety under Cheibriados
 10193 | D:11     | Learned a level 3 spell: Regeneration
 10278 | D:11     | Reached skill level 10 in Invocations
 10626 | D:11     | Noticed a six-headed hydra
 10632 | D:11     | Killed a six-headed hydra
 10838 | D:11     | Noticed a two-headed ogre
 10842 | D:11     | Killed a two-headed ogre
 11041 | D:11     | Noticed Harold
 11055 | D:11     | Killed Harold
 11055 | D:11     | Reached XP level 12. HP: 81/97 MP: 19/19
 11384 | D:12     | Reached skill level 5 in Evocations
 11526 | D:12     | Noticed an ogre mage
 11542 | D:12     | Killed an ogre mage
 11616 | D:12     | Noticed an ettin
 11620 | D:12     | Noticed a centaur warrior
 11622 | D:12     | Killed an ettin
 11623 | D:12     | Noticed a centaur warrior
 11627 | D:12     | Found a staircase to the Orcish Mines.
 11635 | D:12     | Noticed Erolcha
 11649 | D:12     | Killed Erolcha
 11679 | D:12     | Killed a centaur warrior
 12039 | D:12     | Killed a centaur warrior
 12213 | Orc:1    | Entered Level 1 of the Orcish Mines
 12610 | Orc:1    | Noticed a two-headed ogre
 12610 | Orc:1    | Noticed a two-headed ogre
 12610 | Orc:1    | Noticed a two-headed ogre
 12611 | Orc:1    | Noticed an ogre mage
 12616 | Orc:1    | Killed a two-headed ogre
 12619 | Orc:1    | Killed a two-headed ogre
 12619 | Orc:1    | Gained mutation: You are completely covered in thin
                  | metallic scales. (AC +4, rElec) [demonic ancestry]
 12619 | Orc:1    | Reached XP level 13. HP: 103/104 MP: 22/22
 12828 | Orc:2    | Entered Level 2 of the Orcish Mines
 12828 | Orc:2    | Found a bloodstained altar of Trog.
 12890 | Orc:2    | Reached skill level 1 in Necromancy
 12894 | Orc:2    | Reached skill level 5 in Unarmed Combat
 12894 | Orc:2    | Reached skill level 1 in Charms
 13007 | Orc:2    | Found a staircase to the Elven Halls.
 13707 | Orc:2    | Found Syuttiwo's Weapon Emporium.
 13707 | Orc:2    | Found Corgh's Antique Weapon Boutique.
 13708 | Orc:2    | Found Zorchurixu's Armour Boutique.
 13708 | Orc:2    | Found Xeyrur's General Store.
 13723 | Orc:2    | Bought a +0 large shield for 72 gold pieces
 14505 | Orc:1    | Noticed Urug
 14511 | Orc:1    | Killed Urug
 15155 | D:12     | Learned a level 6 spell: Statue Form
 15598 | D:12     | Reached XP level 14. HP: 79/113 MP: 18/23
 15748 | D:12     | Got a pair of warped gloves
 15771 | D:12     | Identified the +0 pair of gloves of Grace {+Fly MR+} (You
                  | found it on level 12 of the Dungeon)
 16065 | D:12     | You fall into a shaft and drop 2 floors!
 16227 | D:14     | Reached skill level 1 in Slings
 18369 | Lair:2   | Reached skill level 1 in Transmutations
 18369 | Lair:2   | Reached skill level 1 in Earth Magic
 18420 | Lair:2   | Found a gate leading to a gauntlet.
 18444 | Gauntlet | Entered a Gauntlet
 18444 | Gauntlet | Found a transporter.
 18445 | Gauntlet | Found a large runed translucent door.
 18447 | Gauntlet | Found a large runed translucent door.
 18448 | Gauntlet | Found a large runed translucent door.
 18448 | Gauntlet | Found a large runed translucent door.
 18448 | Gauntlet | Found a runed translucent door.
 18449 | Gauntlet | Found a large runed translucent door.
 18450 | Gauntlet | Found a large runed translucent door.
 18451 | Gauntlet | Found a large runed translucent door.
 18451 | Gauntlet | Found a large runed translucent door.
 18452 | Gauntlet | Found a runed translucent gate.
 18452 | Gauntlet | Found a runed translucent gate.
 18454 | Gauntlet | Found a transporter.
 18462 | Gauntlet | Found a runed translucent gate.
 18462 | Gauntlet | Found a runed translucent door.
 18463 | Gauntlet | Found a large runed translucent door.
 18463 | Gauntlet | Found a large runed translucent door.
 18464 | Gauntlet | Found a large runed translucent door.
 18465 | Gauntlet | Found a large runed translucent door.
 18469 | Gauntlet | Found a transporter.
 18474 | Gauntlet | Found a transporter.
 18493 | Gauntlet | Found a transporter.
 18508 | Gauntlet | Found a transporter.
 18523 | Gauntlet | Found a transporter.
 18532 | Gauntlet | Found a transporter.
 18538 | Gauntlet | Found a transporter.
 18538 | Gauntlet | Found a transporter.
 18551 | Gauntlet | Identified the ring "Hilirauta" {rF+ MP+9 Stlth+}
 18553 | Gauntlet | Found a transporter.
 18559 | Gauntlet | Found a transporter.
 18574 | Gauntlet | Found a transporter.
 18593 | Gauntlet | Found a transporter.
 18610 | Gauntlet | Found a transporter.
 18636 | Gauntlet | Found a transporter.
 18638 | Gauntlet | Found a transporter.
 18656 | Gauntlet | Found a large runed translucent door.
 18656 | Gauntlet | Found a large runed translucent door.
 18657 | Gauntlet | Found a large runed translucent door.
 18658 | Gauntlet | Found a large runed translucent door.
 18660 | Gauntlet | Found a transporter.
 18700 | Gauntlet | Got an ancient helmet
 18714 | Gauntlet | Identified the cursed +0 helmet "Vaobiy" {Str+7} (You found
                  | it in a Gauntlet)
 18828 | Gauntlet | Reached skill level 10 in Shields
 19174 | Gauntlet | Got a faintly humming ring mail
 19422 | Lair:2   | Found a staircase to the Swamp.
 19709 | Lair:2   | Found a staircase to the Snake Pit.
 20645 | Lair:3   | Noticed Gastronok
 20662 | Lair:3   | Killed Gastronok
 20727 | Lair:3   | Got a scorched plate armour
 20738 | Lair:3   | Identified the cursed +0 plate armour of the Ageless Demons
                  | {rElec rCorr} (You found it on level 3 of the Lair of
                  | Beasts)
 21614 | Lair:4   | Noticed Sonja
 21628 | Lair:4   | Killed Sonja
 22318 | Lair:5   | Noticed Snorg
 22359 | Lair:5   | Killed Snorg
 22359 | Lair:5   | Gained mutation: You are mostly covered in sharp spines.
                  | [demonic ancestry]
 22359 | Lair:5   | Reached XP level 15. HP: 104/120 MP: 19/24
 22692 | Lair:5   | You are sucked into a shaft and drop 1 floor!
 22692 | Lair:6   | Entered Level 6 of the Lair of Beasts
 22980 | Lair:6   | Reached skill level 5 in Earth Magic
 23009 | Lair:6   | Reached skill level 5 in Transmutations
 23278 | Lair:6   | Found a viscous altar of Jiyva.
 23278 | Lair:6   | Found a staircase to the Slime Pits.
 23296 | Lair:6   | Learned a level 2 spell: Blink
 23340 | Lair:6   | Reached skill level 10 in Unarmed Combat
 23808 | Lair:5   | Noticed Josephine
 23815 | Lair:5   | Killed Josephine
 24577 | Lair:6   | Reached skill level 1 in Dodging
 26246 | D:13     | Found a runed translucent gate.
 26246 | D:13     | Found a runed translucent gate.
 26246 | D:13     | Noticed havocjr3's ghost (journeyman GnFi)
 26247 | D:13     | Found a runed translucent gate.
 26461 | D:13     | Noticed Kirke
 26471 | D:13     | Killed Kirke
 26898 | D:14     | Found a gate to the Vaults.
 26919 | D:14     | Reached XP level 16. HP: 35/129 MP: 17/25
 27665 | D:15     | Entered Level 15 of the Dungeon
 28056 | D:15     | Found a staircase to the Depths.
 28135 | D:15     | Reached skill level 5 in Dodging
 28375 | D:15     | Found a radiant altar of Vehumet.
 28619 | D:15     | Found a white marble altar of Elyvilon.
 29322 | Orc:2    | Bought a +1 fustibalus of flaming for 374 gold pieces
 29513 | Swamp:1  | Entered Level 1 of the Swamp
 30308 | Swamp:1  | Reached skill level 5 in Slings
 30397 | Swamp:1  | Noticed Nikola
 31474 | Swamp:2  | Identified a scroll of acquirement
 31894 | Swamp:2  | You are sucked into a shaft and drop 1 floor!
 32996 | Swamp:4  | Entered Level 4 of the Swamp
 33018 | Swamp:4  | Reached XP level 17. HP: 135/135 MP: 26/26
 33115 | Swamp:4  | Noticed Donald
 33126 | Swamp:4  | Killed Donald
 34667 | Swamp:4  | Got a decaying rune of Zot
 34953 | Snake:1  | Entered Level 1 of the Snake Pit
 35744 | Snake:1  | Noticed Aizul
 35770 | Snake:1  | Killed Aizul
 36201 | Snake:1  | Reached skill level 10 in Transmutations
 36327 | Snake:1  | Reached skill level 10 in Earth Magic
 37196 | Snake:2  | Reached skill level 1 in Spellcasting
 37676 | Snake:2  | Identified the ring of Ijetink {EV+2 Str+5} (You found it
                  | on level 2 of the Snake Pit)
 38001 | Vaults:1 | Entered Level 1 of the Vaults
 38156 | Vaults:1 | Gained mutation: You are completely covered in sharp
                  | spines. [demonic ancestry]
 38156 | Vaults:1 | Reached XP level 18. HP: 73/143 MP: 24/27
 38201 | Vaults:1 | Reached skill level 5 in Spellcasting
 38935 | Vaults:1 | Found a large runed translucent door.
 38935 | Vaults:1 | Found a large runed translucent door.
 38935 | Vaults:1 | Noticed Goreval's ghost (adept MfSu)
 40232 | Vaults:1 | You are sucked into a shaft and drop 1 floor!
 40262 | Vaults:2 | Found a magical portal.
 40565 | WizLab   | Got a spiked cloak
 40594 | WizLab   | Gained mutation: Armour fits poorly on your strangely
                  | shaped body. [a neqoxec]
 40595 | WizLab   | Gained mutation: Potions are less effective at restoring
                  | your health. [a neqoxec]
 40818 | Vaults:2 | Lost mutation: Armour fits poorly on your strangely shaped
                  | body. [potion of mutation]
 40818 | Vaults:2 | Lost mutation: Potions are less effective at restoring your
                  | health. [potion of mutation]
 40818 | Vaults:2 | Gained mutation: Your mind is acute. (Int +2) [potion of
                  | mutation]
 40818 | Vaults:2 | Gained mutation: You have a pair of small horns on your
                  | head. [potion of mutation]
 40818 | Vaults:2 | Gained mutation: Your natural rate of healing is unusually
                  | fast. [potion of mutation]
 41053 | Vaults:1 | Identified the +2 cloak "Wanause" {rPois rF- Regen+ Stlth+}
                  | (You found it in a wizard's laboratory)
 41247 | Vaults:2 | Learned a level 5 spell: Irradiate
 41460 | Vaults:2 | Noticed a tentacled monstrosity
 41829 | Vaults:2 | Reached skill level 1 in Conjurations
 41829 | Vaults:2 | Gained mutation: A demonic guardian rushes to your aid.
                  | [demonic ancestry]
 41829 | Vaults:2 | Reached XP level 19. HP: 123/152 MP: 26/31
 42948 | Vaults:3 | Noticed Mennas
 43408 | Snake:2  | Found a runed translucent gate.
 43409 | Snake:2  | Found a runed translucent gate.
 43410 | Snake:2  | Found a runed translucent gate.
 43542 | Snake:2  | Noticed kalagan's ghost (adept GrEE)
 43665 | Snake:3  | Noticed Vashnia
 43732 | Snake:3  | Killed Vashnia
 43732 | Snake:3  | Reached skill level 5 in Necromancy
 44034 | Snake:3  | Reached skill level 15 in Fighting
 44037 | Snake:3  | Noticed Agnes
 44046 | Snake:3  | Killed Agnes
 44493 | Snake:4  | Entered Level 4 of the Snake Pit
 44738 | Snake:4  | Learned a level 3 spell: Portal Projectile
 44934 | Snake:4  | Reached XP level 20. HP: 162/162 MP: 27/33
 45810 | Snake:4  | Got a serpentine rune of Zot
 46479 | Vaults:3 | Learned a level 7 spell: Dragon Form
 46561 | Vaults:3 | Noticed Bai Suzhen
 46569 | Vaults:3 | Killed Bai Suzhen
 46737 | Depths:1 | Entered Level 1 of the Depths
 46788 | Depths:1 | Found a gateway to Hell.
 46822 | Depths:1 | Found a runed translucent door.
 46824 | Depths:1 | Noticed an ancient lich
 46826 | Depths:1 | Noticed Epamese's ghost (veteran FoFi)
 47256 | Depths:1 | Found a runed translucent door.
 47610 | Depths:1 | Found a runed translucent door.
 47767 | Depths:1 | Found a gateway to Hell.
 48244 | Depths:2 | Gained mutation: You have claws for hands. [demonic
                  | ancestry]
 48244 | Depths:2 | Reached XP level 21. HP: 168/168 MP: 34/34
 48445 | Depths:2 | Reached skill level 15 in Shields
 48794 | Depths:2 | Noticed a juggernaut
 48806 | Depths:2 | Killed a juggernaut
 49090 | Depths:2 | Reached skill level 10 in Dodging
 49380 | Depths:2 | Identified the Collected Works on Ghastly Boosts
 49431 | Depths:2 | Learned a level 6 spell: Deflect Missiles
 49560 | Depths:2 | Identified the +2 quarterstaff "Itemootz" {venom, Dex+3}
 49700 | Depths:2 | Identified the cursed +1 quarterstaff of Kismet {crush,
                  | Str+3}
 49790 | Depths:3 | Paralysed by a vampire knight for 6 turns
 49912 | Depths:3 | Found a gateway to a ziggurat.
 50336 | Depths:3 | Found a one-way gate leading to the halls of Pandemonium.
 50456 | Depths:3 | Reached skill level 10 in Spellcasting
 50676 | Depths:3 | Reached XP level 22. HP: 175/175 MP: 36/36
 50822 | Depths:3 | Found a stormy altar of Qazlal.
 51271 | Depths:4 | Noticed Saint Roka
 51295 | Depths:4 | Killed Saint Roka
 51455 | Depths:4 | You are sucked into a shaft and drop 1 floor!
 51455 | Depths:5 | Entered Level 5 of the Depths
 51487 | Depths:4 | Paralysed by a great orb of eyes for 6 turns
 51968 | Depths:4 | Found a one-way gate to the infinite horrors of the Abyss.
 51972 | Depths:4 | Noticed a golden dragon
 51978 | Depths:4 | Killed a golden dragon
 52199 | Depths:4 | Identified the Almanac of the Ashen Traveller
 52210 | Depths:4 | Identified Lehudib's Guide on Ashen Arcane Weapons
 52228 | Depths:4 | Found a shimmering blue altar of Sif Muna.
 52235 | Depths:4 | Noticed an ancient lich
 52243 | Depths:4 | Killed an ancient lich
 52280 | Depths:4 | Identified Sif Muna's Incunabulum of the Voyage
 52373 | Depths:4 | Paralysed by an ogre mage for 4 turns
 52380 | Depths:4 | Identified Eddaaff's Incunabulum of Quantum Beguiling
 52382 | Depths:4 | Identified Sythuin's Guide on Confrontation
 52472 | Depths:4 | Identified the Tome of Dark Conjuration
 52789 | Depths:5 | Noticed a golden dragon
 52795 | Depths:5 | Killed a golden dragon
 52889 | Depths:5 | Gained mutation: You are somewhat able to resist unholy
                  | torments (1 in 2 success). [demonic ancestry]
 52889 | Depths:5 | Reached XP level 23. HP: 149/181 MP: 31/38
 52892 | Depths:5 | Paralysed by a vampire knight for 7 turns
 52899 | Depths:5 | HP: 12/271 [vampire knight/+0 great mace (25)]
 52900 | Depths:5 | Shot with a bolt by a yaktaur

Levels and vault maps discovered:
D:1:      wander_arrival_chamber, layout_rooms, chequers_serial_rivers_large_b,
          solitary_fountain
D:2:      layout_loops_corners, uniq_jessica, uniq_terence
D:3:      layout_basic, first_ration, kennysheep_slug_shrine, uniq_natasha
D:4:      layout_layer_cave
D:5:      layout_gridville, uniq_menkaure, uniq_edmund
D:6:      layout_basic, minmay_temple_entry_mist
D:7:      layout_basic, old_standard_altar, nicolae_ossuary_entry_catacombs,
          grunt_livestock
D:8:      gammafunk_cloud_chamber, layout_cave_pools, serial_shops, shop
D:9:      layout_rooms, makhleb_altar_promises_db
D:10:     layout_loops_corners, due_lair_maze_entry_diamond
D:11:     layout_basic, special_room [special_room_bee], minmay_misc_feat_room,
          uniq_harold
D:12:     minmay_heptahexagon, layout_basic, orc_david_3, uniq_erolcha
D:13:     minmay_the_grid_3x3 [minmay_the_grid_empty, minmay_the_grid_fan,
          minmay_the_grid_embedded, minmay_the_grid_square_x,
          minmay_the_grid_diamond_grid, minmay_the_grid_outer_circle,
          minmay_the_grid_tree, minmay_the_grid_aliased_spiral,
          minmay_the_grid_prize_inner_circle], layout_small_grid,
          gammafunk_ghost_hydra_chop, uniq_kirke
D:14:     layout_irregular_city, lightli_vaults_fourway_checkpoint,
          chequers_serial_rivers_micro_b, hangedman_decor_points,
          minmay_misc_feat_columns, nicolae_twisting_strands, minmay_between
D:15:     hangedman_depths_entry_civil_slaughter, layout_loops_corners,
          hangedman_feature_mirror, minivault_19
Lair:1:   layout_cave_pods
Lair:2:   layout_big_grid, minmay_swamp_entry_worms,
          minmay_snake_entry_guardpost_small, gauntlet_entry_generic
Lair:3:   layout_regular_city, minmay_stone_trees_medium, uniq_gastronok
Lair:4:   layout_long_grid, uniq_sonja
Lair:5:   layout_cave_pods, grunt_megastairs_5, uniq_snorg, uniq_josephine
Lair:6:   hangedman_lair_caniforms_friends, layout_small_grid,
          guppyfry_lair_end_dragon, dpeg_slime_entry_enclosed_altar,
          infiniplex_staircase_pool_2
Swamp:1:  layout_basic_swamp, hangedman_swamp_lotus, uniq_nikola
Swamp:2:  layout_basic_swamp, evilmike_swamp_ruin_house_2
Swamp:3:  layout_basic_swamp, serial_swamp_ruin, evilmike_swamp_ruin_house_5,
          evilmike_swamp_ruin_house_4, infiniplex_staircase_pool
Swamp:4:  swamp, layout_basic_swamp, uniq_donald
Snake:1:  layout_grid_maze, statue_in_the_mist_lemuel, uniq_aizul
Snake:2:  layout_onion, ebering_ghost_rock_garden, serial_bayou_shore_b
Snake:3:  layout_onion, serial_bayou_shore_a, uniq_vashnia, uniq_agnes
Snake:4:  snake_pit, layout_cave_town
Orc:1:    layout_caves, mines4_lemuel, uniq_urug
Orc:2:    st_orc_ogre_mass, layout_caves, basic_altar, nicolae_orc_pool_cavern
Vaults:1: advil_vaults_ghost_guards, vaults_room_grunt_arrival_ludios,
          hangedman_vaults_restitches, nicolae_vaults_yaktaur_gun_rack,
          nicolae_vaults_network_square, dpeg_vaults_monster_box, v_misc_13,
          hangedman_vaults_capsules, ontoclasm_vaults_decontamination,
          layout_vaults_omnigrid
Vaults:2: ontoclasm_vaults_chip, v_alt_pattern_4,
          nicolae_vaults_diagonal_hallway_7, ontoclasm_vaults_bender,
          vaults_room_pools, hangedman_vaults_hat, v_misc_19, v_pattern_5,
          v_misc_11, nicolae_vaults_little_squares_5, v_alt_pattern_1,
          dpeg_vaults_pockets_of_resistance, grunt_vaults_funnel,
          grunt_vaults_hallway_short, vaults_dpeg_encased_lava,
          nicolae_vaults_diagonal_hallway_8, layout_vaults_omnicross,
          infiniplex_enter_wizlab_glasses
Vaults:3: vaults_dpeg_ring, vaults_mumra_chevron, vaults_dpeg_diagonal,
          st_hourglassy, nicolae_vaults_big_angled_halls,
          ontoclasm_vaults_claustrophobia, minmay_crypt_entry_simple_walls,
          nicolae_vaults_three_branches, v_misc_26, vaults_room_semicircle,
          v_misc_12, ontoclasm_vaults_spin, ontoclasm_vaults_chip,
          layout_vaults_maze_snakey, serial_shops, shop, uniq_mennas,
          uniq_bai_suzhen
Depths:1: layout_basic, hellmouth_3, minmay_holes, muffindrake_ghost_dual_entry,
          kb_rosetta
Depths:2: minmay_concentric_multi, layout_gridlike, chequers_decorated_corner,
          grunt_metal_band, serial_co_window_serial, co_window_paths_b,
          co_window_paths_a, co_window_of_opportunity_a, co_window_corner_a,
          co_window_corner_a, co_window_broadway_b, co_window_of_opportunity_c,
          co_window_of_opportunity_b, co_window_corner_cb, co_window_corner_b,
          glass_columns_b, glass_columns_b, glass_columns_b, glass_columns_b,
          glass_columns_a
Depths:3: regret_index_qazlal_generations, layout_basic, enter_ziggurat_e,
          hell_entry, grunt_pan_entry_sceptre
Depths:4: evilmike_library_of_no_secrets, layout_cave_shapes, abyss_entry,
          grunt_pan_entry_zigzag, pf_hell_entry_tar_river, grunt_megastairs_2,
          infiniplex_staircase_trident, uniq_saint_roka
Depths:5: grunt_crosshair, layout_honeycomb, tso_metal_star, hell_entry,
          serial_bayou_shore_b

Skill      XL: |  1  2  3  4  5  6  7  8  9 10 11 12 13 14 15 16 17 18 19 20 21 22 |
---------------+-------------------------------------------------------------------+-----
Polearms       | 2 3 |  3.3
Fighting       | 4 5 6 8 9 10 11 12 13 14 15 | 15.0
Unarmed Combat | 1 4 8 9 10 11 12 13 | 13.0
Shields        | 3 5 6 7 8 9 10 11 12 13 14 15 | 15.0
Maces & Flails | 2 3 5 6 7 8 |  8.0
Armour         | 3 5 6 7 8 |  8.0
Invocations    | 2 5 8 10 12 13 14 | 14.4
Evocations     | 4 8 |  8.0
Necromancy     | 2 3 5 7 |  7.9
Charms         | 1 2 4 |  4.6
Slings         | 4 7 |  7.7
Transmutations | 4 7 8 10 12 13 14 | 14.3
Earth Magic    | 4 7 8 10 11 12 | 12.0
Dodging        | 4 5 8 10 12 | 12.0
Spellcasting   | 4 8 9 10 11 | 11.0
Conjurations   | 1 4 |  4.0
Translocations | |  0.7

Action                   |  1- 3 |  4- 6 |  7- 9 | 10-12 | 13-15 | 16-18 | 19-21 | 22-24 || total
-------------------------+-------+-------+-------+-------+-------+-------+-------+-------++-------
Melee: Trident           |   100 |   111 |       |       |       |       |       |       ||   211
       Whip              |       |    47 |   132 |   335 |   767 |       |       |       ||  1281
       Flail             |       |       |    95 |   118 |       |       |       |       ||   213
       Unarmed           |       |       |       |     8 |   483 |   944 |   668 |   194 ||  2297
       Headbutt          |       |       |       |       |       |    31 |   188 |    46 ||   265
       Fustibalus        |       |       |       |       |       |       |     1 |       ||     1
       Tailslap          |       |       |       |       |       |       |     4 |    11 ||    15
       Bite              |       |       |       |       |       |       |     3 |    12 ||    15
       Punch             |       |       |       |       |       |       |     1 |     5 ||     6
 Fire: Hunting sling     |       |       |       |     9 |   504 |    95 |       |       ||   608
       Fustibalus        |       |       |       |       |       |   444 |   430 |    80 ||   954
Throw: Stone             |     2 |     5 |    80 |    93 |    18 |       |    86 |    11 ||   295
       Dart              |     4 |    11 |    31 |    42 |    54 |     3 |       |       ||   145
       Javelin           |       |       |       |       |    61 |    87 |    14 |       ||   162
 Cast: Statue Form       |       |       |       |       |       |    20 |    54 |    10 ||    84
       Regeneration      |       |       |       |       |       |    10 |    40 |    19 ||    69
       Blink             |       |       |       |       |       |     2 |     6 |       ||     8
       Irradiate         |       |       |       |       |       |       |     9 |     2 ||    11
       Portal Projectile |       |       |       |       |       |       |     1 |       ||     1
       Dragon Form       |       |       |       |       |       |       |     3 |     4 ||     7
Invok: Temporal Distorti |       |       |       |     1 |     7 |    16 |    13 |     3 ||    40
       Slouch            |       |       |       |    12 |    13 |    17 |    10 |     5 ||    57
       Step From Time    |       |       |       |       |       |       |     1 |     1 ||     2
 Abil: Evoke Invisibilit |       |       |       |       |       |     1 |       |       ||     1
       End Transformatio |       |       |       |       |       |     1 |     2 |       ||     3
       Breathe Fire      |       |       |       |       |       |       |     1 |       ||     1
Evoke: Wand              |       |       |     1 |       |     3 |    13 |     5 |       ||    22
       Lightning rod     |       |       |       |       |       |     2 |       |       ||     2
  Use: Scroll            |       |     7 |     9 |     5 |    14 |    17 |     8 |     1 ||    61
       Potion            |       |       |       |     1 |     4 |     8 |     1 |       ||    14
 Stab: Distracted        |       |       |     3 |     3 |    10 |    12 |     6 |     1 ||    35
       Invisible         |       |       |       |     4 |       |     2 |       |       ||     6
       Confused          |       |       |       |       |     4 |       |       |       ||     4
       Paralysed         |       |       |       |       |       |     2 |       |       ||     2
       Sleeping          |       |       |       |       |       |     2 |       |     1 ||     3
  Eat: Chunk             |     1 |    11 |     5 |    12 |    25 |    25 |    16 |     7 ||   102
       Ration            |       |       |       |       |     1 |     5 |     9 |     1 ||    16
Armor: Scale mail        |    28 |    35 |       |       |       |       |       |       ||    63
       Chain mail        |       |     8 |    91 |   123 |       |       |       |       ||   222
       Plate armour      |       |       |       |    15 |   440 |   259 |       |       ||   714
       Skin              |       |       |       |     1 |       |    45 |   255 |    92 ||   393
       Robe              |       |       |       |       |       |     6 |    16 |     1 ||    23
Dodge: Dodged            |    23 |    24 |    42 |   146 |   296 |   316 |   582 |   212 ||  1641
Block: Shield            |    40 |    47 |   102 |   285 |    66 |   223 |   929 |   192 ||  1884
       Large shield      |       |       |       |       |  1296 |   857 |       |       ||  2153
